 Dungeon Crawl Stone Soup version 0.21.1-1-g345015f (webtiles) character file.

26238 grindst0ne the Unseen (level 12, -2/51 HPs)
             Began as a Spriggan Enchanter on Feb 27, 2018.
             Was a High Priest of Dithmenos.
             Slain by an entropy weaver (17 damage)
             ... on level 4 of the Lair of Beasts.
             The game lasted 00:58:36 (18468 turns).

grindst0ne the Unseen (Spriggan Enchanter)         Turns: 18468, Time: 00:58:36

Health: -2/51      AC:  4    Str:  4    XL:     12   Next: 96%
Magic:  15/17      EV: 26    Int: 22    God:    Dithmenos [*****.]
Gold:   986        SH:  4    Dex: 16    Spells: 3/16 levels left

rFire    . . .     SeeInvis +   I - +2 dagger (elec)
rCold    . . .     Gourm    .   (shield restricted)
rNeg     . . .     Faith    .   b - +0 robe
rPois    .         Spirit   .   (helmet restricted)
rElec    .         Reflect  +   (no cloak)
rCorr    .         Harm     .   (gloves unavailable)
MR       ++...                  (boots unavailable)
Stlth    +++++++++.             F - +4 amulet of reflection
HPRegen  0.17/turn              w - ring of wizardry
MPRegen  0.15/turn              Q - +6 ring of protection

@: corroded, wreathed by umbra, very quick
A: very small, unfitting armour, see invisible, herbivore, speed 3, slow
metabolism 2
a: Shadow Step, Shadow Form, Renounce Religion


You were on level 4 of the Lair of Beasts.
You worshipped Dithmenos.
Dithmenos was extremely pleased with you.
You were near starving.

You visited 3 branches of the dungeon, and saw 14 of its levels.
You also visited: Labyrinth.

You collected 986 gold pieces.

Inventory:

Hand Weapons
 C - a +0 rapier
 I - a +2 dagger of electrocution (weapon)
Missiles
 z - 3 throwing nets (quivered)
Armour
 b - a +0 robe (worn)
Jewellery
 w - a ring of wizardry (left hand)
 F - a +4 amulet of reflection (around neck)
 N - an uncursed ring of stealth
 Q - a +6 ring of protection (right hand)
 W - an uncursed ring of protection from fire
Wands
 a - a wand of disintegration (21)
 p - a wand of acid (34)
 A - a wand of paralysis (11)
 J - a wand of iceblast (9)
Scrolls
 f - 6 scrolls of teleportation
 g - 3 scrolls of immolation {unknown}
 i - a scroll of blinking {unknown}
 j - 3 scrolls of fear {unknown}
 k - 4 scrolls of amnesia {unknown}
 n - 3 scrolls of random uselessness {unknown}
 r - 3 scrolls of acquirement {unknown}
 s - 5 scrolls of remove curse {unknown}
 v - a scroll of magic mapping
 x - a scroll of noise {unknown}
 y - 3 scrolls of enchant armour
 G - a scroll of brand weapon
 H - 2 scrolls of identify
 P - a scroll of fog
Potions
 d - a potion of magic {unknown}
 e - a potion of mutation
 h - a potion of heal wounds
 l - 3 potions of curing
 m - 2 potions of cancellation
 o - 2 potions of lignification
 t - 3 potions of invisibility
 u - 5 potions of brilliance
 D - a potion of haste
 E - a potion of might
 O - a potion of ambrosia
 S - 2 potions of flight
Books
 c - a book of Maledictions

   Spells                             Type                      Level
   a - Corona                         Hexes                        1
   b - Ensorcelled Hibernation        Hexes/Ice                    2
   c - Confuse                        Hexes                        3
   d - Tukima's Dance                 Hexes                        3
   e - Dazzling Spray                 Conjuration/Hexes            3
 B - a book of Callings

   Spells                             Type                      Level
   a - Summon Small Mammal            Summoning                    1
   b - Call Imp                       Summoning                    2
   c - Call Canine Familiar           Summoning                    3
   d - Summon Guardian Golem          Hexes/Summoning              3
   e - Summon Lightning Spire         Summoning/Air                4
   f - Summon Ice Beast               Ice/Summoning                4
 M - a book of Party Tricks

   Spells                             Type                      Level
   a - Summon Butterflies             Summoning                    1
   b - Apportation                    Translocation                1
   c - Lesser Beckoning               Translocation                3
   d - Tukima's Dance                 Hexes                        3
   e - Alistair's Intoxication        Transmutation/Poison         5
   f - Invisibility                   Hexes                        6
 R - a book of Battle

   Spells                             Type                      Level
   a - Infusion                       Charms                       1
   b - Shroud of Golubria             Charms/Translocation         2
   c - Song of Slaying                Charms                       2
   d - Spectral Weapon                Hexes/Charms                 3
   e - Regeneration                   Charms/Necromancy            3
 V - a book of Necromancy

   Spells                             Type                      Level
   a - Pain                           Necromancy                   1
   b - Animate Skeleton               Necromancy                   1
   c - Vampiric Draining              Necromancy                   3
   d - Regeneration                   Charms/Necromancy            3
   e - Animate Dead                   Necromancy                   4
   f - Borgnjor's Vile Clutch         Necromancy/Earth             5
Comestibles
 K - 12 rations


   Skills:
 - Level 5.2 Short Blades
 - Level 10.2 Dodging
 - Level 16.1 Stealth
 + Level 2.6 Spellcasting
 + Level 15.7 Hexes
 + Level 5.7 Summonings
 + Level 5.7 Ice Magic
 - Level 6.1 Evocations


You had 3 spell levels left.
You knew the following spells:

 Your Spells              Type           Power        Failure   Level  Hunger
a - Corona                Hex            ######.      0%          1    None
b - Ensorcelled Hibernat  Hex/Ice        ######       1%          2    ##.....
c - Confuse               Hex            ######..     1%          3    ###....
d - Dazzling Spray        Conj/Hex       #####.       1%          3    ###....
e - Summon Ice Beast      Ice/Summ       ####....     4%          4    ####...


Dungeon Overview and Level Annotations

Branches:
Dungeon (9/15)             Temple (1/1) D:5            Lair (4/6) D:8
  Swamp (0/4) Lair:3          Orc (0/2) D:9
  Snake: Lair:2-4    Spider: Lair:2-4

Altars:
Ashenzari
Cheibriados
Dithmenos
Elyvilon
Fedhas
Gozag
Hepliaklqana
Kikubaaqudgha
Makhleb
Nemelex Xobeh
Okawaru
Qazlal
Ru
Sif Muna
Trog
Uskayaw
Vehumet
Wu Jian
Xom
Yredelemnul
Zin
The Shining One

Shops:
D:7 *

Annotations:
D:4 exclusion: downstairs
D:6 exclusion: downstairs
D:7 exclusion: statue


Innate Abilities, Weirdness & Mutations

You are very small and have problems with some larger weapons.
You are too small for most types of armour.
You have supernaturally acute eyesight. (SInv)
You are a herbivore.
You cover ground extremely quickly.
You need consume almost no food.


Message History

There is a stone staircase leading up here.
You can't go down here!
The entropy weaver mumbles some strange words.
The entropic weave corrodes you!
Casting: Ensorcelled Hibernation
Confirm with . or Enter, or press ? or * to list all spells.
Aiming: Ensorcelled Hibernation
Press: ? - help, Shift-Dir - straight line, f - entropy weaver
Aim: an entropy weaver (umbra, chance to defeat MR: 37%)
The entropy weaver easily resists.
The entropy weaver hits you. You block the entropy weaver's attack.
The entropy weaver barely misses you. The entropy weaver hits you.
The entropy weaver barely misses you. The entropy weaver hits you!
The entropy weaver closely misses you. The entropy weaver hits you.
There is a stone staircase leading up here.
The entropy weaver completely misses you.
The entropy weaver hits you!
* * * LOW HITPOINT WARNING * * *
The entropy weaver hits you!
You die...

#.a.# ##.####
#...P########
##....†......
##.PP..##### ##.#####
..#####.†## ###
.........P# ###.###.#.≈
..###P.Pa####.a@...><..
####.# #..#..##.#.#
#.###..#### #......#
#P#..#.# ########


You could see an entropy weaver.

Vanquished Creatures
  A minotaur (Lab)
  4 hydras
  2 two-headed ogres
  A lindwurm (Lair:3)
  The ghost of shakethe the Chopper, a novice DsGl of Okawaru (D:7)
  Psyche (D:7)
  5 spiny frogs
  A rime drake (Lair:2)
  6 komodo dragons
  A troll (D:9)
  3 hornets (Lair:3)
  3 hippogriffs
  3 blink frogs (Lair:2)
  2 shadows (Lab)
  2 redbacks (Lab)
  5 humans
  41 yaks
  Eustachio (D:6)
  Grum (D:8)
  6 hungry ghosts
  Menkaure (D:7)
  An insubstantial wisp (Lair:3)
  A soldier ant (Lair:4)
  6 porcupines
  Duvessa (D:6)
  7 water moccasins
  2 orc warriors
  2 ice beasts (D:9)
  A necrophage (D:8)
  2 sky beasts
  2 ogres
  A black bear (Lair:3)
  3 centaurs
  3 wolves (D:8)
  6 crocodiles
  2 big kobolds
  Blork the orc (D:5)
  7 bullfrogs
  3 gnoll sergeants
  4 scorpions
  Dowan (D:7)
  6 killer bees
  6 wights
  2 howler monkeys
  3 crimson imps (D:8)
  2 bullfrog zombies
  6 hounds
  2 centaur skeletons (D:5)
  A jelly (D:5)
  4 orc priests (D:5)
  5 orc wizards
  3 gnoll shamans
  Jessica (D:7)
  A bullfrog skeleton (D:8)
  3 iguanas
  15 worker ants
  2 hound zombies
  3 hound skeletons
  A worker ant zombie (D:9)
  30 gnolls
  9 adders
  2 howler monkey skeletons
  2 shadow imps
  3 adder zombies
  2 adder skeletons
  2 worms (D:2)
  3 dart slugs
  5 leopard geckos
  32 orcs
  5 bats
  3 giant cockroaches
  8 goblins
  4 hobgoblins
  11 jackals
  14 kobolds
  3 quokkas
  8 frilled lizards
  A jackal skeleton (D:5)
  5 rats
365 creatures vanquished.

Vanquished Creatures (others)
  A fungus (Lair:4)
  14 plants
15 creatures vanquished.

Grand Total: 380 creatures vanquished

Notes
Turn   | Place    | Note
-------+----------+-------------------------------------------
     0 | D:1      | grindst0ne the Spriggan Enchanter began the quest for the Orb.
     0 | D:1      | Reached XP level 1. HP: 9/9 MP: 5/5
   269 | D:1      | Reached XP level 2. HP: 4/13 MP: 4/6
   278 | D:1      | Learned a level 2 spell: Ensorcelled Hibernation
   557 | D:1      | Reached skill level 5 in Stealth
  1284 | D:2      | Reached XP level 3. HP: 13/16 MP: 4/8
  1344 | D:1      | Learned a level 3 spell: Confuse
  1702 | D:2      | Reached skill level 6 in Stealth
  2172 | D:3      | Reached XP level 4. HP: 15/21 MP: 1/9
  2353 | D:3      | Reached skill level 5 in Hexes
  3202 | D:4      | Reached skill level 7 in Stealth
  3202 | D:4      | Reached XP level 5. HP: 10/24 MP: 1/10
  3913 | D:4      | Reached skill level 8 in Stealth
  3931 | D:4      | Reached XP level 6. HP: 28/28 MP: 11/11
  4079 | D:5      | Entered Level 5 of the Dungeon
  4784 | D:5      | Reached skill level 9 in Stealth
  4805 | D:5      | Reached XP level 7. HP: 31/32 MP: 9/12
  5294 | D:5      | Reached skill level 10 in Stealth
  6039 | D:5      | Reached XP level 8. HP: 28/36 MP: 6/13
  6133 | D:5      | Reached skill level 11 in Stealth
  6274 | D:5      | Found a staircase to the Ecumenical Temple.
  6283 | Temple   | Entered the Ecumenical Temple
  6517 | Temple   | Became a worshipper of Dithmenos the Shadowed
  6723 | D:5      | Noticed Blork the orc
  6927 | D:5      | Killed Blork the orc
  7288 | D:6      | Found a shattered altar of Ashenzari.
  7347 | D:6      | Found an ornate altar of the Wu Jian Council.
  7347 | D:6      | Found a burning altar of Makhleb.
  7348 | D:6      | Found a glowing golden altar of the Shining One.
  7452 | D:6      | Noticed Eustachio
  7458 | D:6      | Killed Eustachio
  7458 | D:6      | Reached skill level 12 in Stealth
  7626 | D:6      | Reached skill level 10 in Hexes
  7672 | D:6      | Reached * piety under Dithmenos
  8155 | D:7      | Found a runed door.
  8293 | D:7      | Noticed Duvessa
  8294 | D:7      | Noticed Menkaure
  8478 | D:7      | Noticed Dowan
  8480 | D:7      | Killed Dowan
  8480 | D:7      | Reached skill level 13 in Stealth
  9026 | D:6      | Killed Duvessa
  9026 | D:6      | Reached XP level 9. HP: 39/39 MP: 11/14
  9314 | D:7      | Killed Menkaure
  9565 | D:7      | Found a radiant altar of Vehumet.
  9570 | D:7      | Found a runed door.
  9574 | D:7      | Found a runed door.
  9640 | D:7      | Found a large runed door.
  9643 | D:7      | Found a runed door.
  9648 | D:7      | Found a large runed door.
  9723 | D:7      | Found Veewkid's Assorted Antiques.
  9808 | D:6      | Learned a level 3 spell: Dazzling Spray
  9901 | D:7      | Noticed Psyche
  9902 | D:7      | Noticed shakethe's ghost (novice DsGl)
  9922 | D:7      | Noticed Jessica
  9927 | D:7      | Killed Psyche
  9927 | D:7      | Reached skill level 14 in Stealth
 10163 | D:7      | Killed Jessica
 10381 | D:7      | Killed shakethe's ghost
 10381 | D:7      | Reached skill level 15 in Stealth
 10486 | D:7      | Reached XP level 10. HP: 44/44 MP: 3/15
 10868 | D:7      | Reached ** piety under Dithmenos
 10887 | D:7      | Reached skill level 16 in Stealth
 10899 | D:7      | Found a runed door.
 10924 | D:7      | Found a runed door.
 11092 | D:7      | Found a runed door.
 11094 | D:7      | Found a runed door.
 11098 | D:7      | Found a runed door.
 11181 | D:8      | Noticed Grum
 11188 | D:8      | Noticed a two-headed ogre
 11206 | D:8      | Reached skill level 1 in Evocations
 11221 | D:7      | Killed a two-headed ogre
 11221 | D:7      | Reached skill level 5 in Dodging
 11226 | D:8      | Killed Grum
 11240 | D:8      | Found a staircase to the Lair.
 11637 | D:8      | Noticed a two-headed ogre
 12102 | D:8      | Killed a two-headed ogre
 12102 | D:8      | Reached XP level 11. HP: 37/47 MP: 13/16
 12313 | D:8      | Reached *** piety under Dithmenos
 13132 | D:9      | Found a staircase to the Orcish Mines.
 13278 | D:9      | Reached skill level 5 in Evocations
 13873 | Lair:1   | Entered Level 1 of the Lair of Beasts
 13929 | Lair:1   | Reached **** piety under Dithmenos
 14107 | Lair:1   | Reached skill level 5 in Short Blades
 14302 | Lair:1   | Noticed a five-headed hydra
 14315 | Lair:1   | Killed a five-headed hydra
 14315 | Lair:1   | Reached skill level 10 in Dodging
 14333 | Lair:1   | Learned a level 4 spell: Summon Ice Beast
 14825 | Lair:2   | Reached skill level 1 in Summonings
 14825 | Lair:2   | Reached skill level 1 in Ice Magic
 14984 | Lair:2   | Got a transparent robe
 14995 | Lair:2   | Identified the +1 robe of the Guardian {Str-5 Dex+6} (You found it on level 2 of the Lair of Beasts)
 14995 | Lair:2   | Lost strength.
 15762 | Lair:2   | Reached XP level 12. HP: 51/51 MP: 9/17
 16214 | Lair:3   | Found a labyrinth entrance.
 16226 | Lab      | Entered a labyrinth
 16598 | Lab      | Reached skill level 15 in Hexes
 16999 | Lab      | Noticed a minotaur
 17035 | Lab      | Killed a minotaur
 17403 | Lair:3   | Noticed a seven-headed hydra
 17410 | Lair:3   | Killed a seven-headed hydra
 17464 | Lair:3   | Reached skill level 5 in Summonings
 17464 | Lair:3   | Reached skill level 5 in Ice Magic
 17498 | Lair:3   | Noticed a five-headed hydra
 17506 | Lair:3   | Killed a five-headed hydra
 17619 | Lair:3   | Reached ***** piety under Dithmenos
 17841 | Lair:3   | Noticed a five-headed hydra
 17848 | Lair:3   | Killed a five-headed hydra
 17862 | Lair:3   | Found a staircase to the Swamp.
 18275 | Lair:4   | Noticed a queen ant
 18307 | Lair:4   | Noticed an entropy weaver
 18307 | Lair:4   | Noticed an entropy weaver
 18468 | Lair:4   | Slain by an entropy weaver

Skill      XL: |  1  2  3  4  5  6  7  8  9 10 11 12 |
---------------+-------------------------------------+-----
Hexes          | 4 5 6 7 8 10 12 13 14 15 | 15.7
Stealth        | 5 6 7 8 9 10 13 15 16 | 16.1
Evocations     | 4 6 |  6.1
Short Blades   | 3 5 |  5.2
Dodging        | 7 10 | 10.2
Summonings     | 2 5 |  5.7
Ice Magic      | 2 5 |  5.7
Spellcasting   | |  2.6

Action                   |  1- 3 |  4- 6 |  7- 9 | 10-12 || total
-------------------------+-------+-------+-------+-------++-------
Melee: Dagger            |   127 |    82 |   202 |   216 ||   627
       Rapier            |       |       |       |   148 ||   148
 Cast: Corona            |     2 |       |       |       ||     2
       Ensorcelled Hiber |    38 |    54 |   116 |   186 ||   394
       Confuse           |     1 |     4 |    25 |    18 ||    48
Evoke: Wand              |       |       |       |     4 ||     4
  Use: Potion            |       |     3 |       |       ||     3
       Scroll            |       |       |     4 |    12 ||    16
 Stab: Sleeping          |    26 |    30 |    73 |   169 ||   298
       Confused          |     1 |     1 |    16 |    14 ||    32
       Distracted        |       |     1 |       |     1 ||     2
  Eat: Ration            |       |     3 |     7 |     9 ||    19
Armor: Robe              |    10 |     4 |     4 |     5 ||    23
Dodge: Dodged            |   121 |    86 |   175 |   232 ||   614
Block: Other             |       |       |     9 |    48 ||    57
       Reflection        |       |       |     2 |     5 ||     7
